 Dungeon Crawl Stone Soup version 0.27-a0-1579-g97d2440184 (webtiles) character file.

Game seed: 17858660426615863431

81 Spaninq the Ruffian (level 4, -6/38 HPs)
             Began as a Ghoul Warper on July 17, 2021.
             Mangled by Menkaure (22 damage)
             ... on level 4 of the Dungeon.
             The game lasted 00:04:53 (1966 turns).

Spaninq the Ruffian (Ghoul Warper)                  Turns: 1966, Time: 00:04:53

Health: -6/38      AC:  5    Str: 15    XL:     4   Next: 40%
Magic:  5/5        EV: 10    Int:  8    God:
Gold:   205        SH:  5    Dex:  8    Spells: 6/6 levels left

rFire    . . .     SeeInvis .     - Unarmed
rCold    + . .     Faith    .   (no shield)
rNeg     + + +     Spirit   .   d - +0 ring mail
rPois    ∞         Reflect  +   (no helmet)
rElec    .         Harm     .   (no cloak)
rCorr    .         Rampage  .   (no gloves)
Will     .....                  (no boots)
Stlth    ..........             f - amulet of reflection
HPRegen  0.00/turn              (no ring)
MPRegen  0.09/turn              (no ring)

@: no status effects
A: claws 1, cold resistance 1, negative energy resistance 3, inhibited
regeneration, torment resistance 2
a: no special abilities


You were on level 4 of the Dungeon.
You visited 1 branch of the dungeon, and saw 4 of its levels.

You collected 205 gold pieces.

Inventory:

Armour
 d - a +0 ring mail (worn)
Jewellery
 f - an amulet of reflection (around neck)
 l - a +4 ring of protection
Scrolls
 b - a scroll of blinking
 c - a scroll of acquirement {unknown}
 g - a scroll of immolation {unknown}
 h - a scroll of teleportation {unknown}
 k - a scroll of noise {unknown}
 m - a scroll of enchant weapon {unknown}
Potions
 a - a potion of brilliance {unknown}
 e - a potion of lignification {unknown}
 i - a potion of mutation {unknown}
 j - 2 potions of invisibility {unknown}
 n - a potion of curing {unknown}


   Skills:
 + Level 3.2 Fighting
 - Level 0.8 Throwing
 - Level 0.8 Armour
 - Level 1.7 Dodging
 * Level 4.3 Unarmed Combat
 - Level 1.7 Spellcasting
 - Level 2.6 Translocations


You had 6 spell levels left.
You didn't know any spells.
Your spell library contained the following spells:

 Spells                   Type           Power      Damage    Failure   Level
 Blink                    Tloc           N/A        N/A       36%         2
 Gell's Gravitas          Tloc           2%         N/A       58%         3
 Lesser Beckoning         Tloc           2%         N/A       58%         3
 Teleport Other           Tloc           5%         N/A       58%         3
 Manifold Assault         Tloc           5%         N/A       100%        5


Dungeon Overview and Level Annotations

Branches:
Dungeon (4/15)
 Temple: D:4-7

Altars:

Annotations:
D:4 Menkaure


Innate Abilities, Weirdness & Mutations

You thrive by killing the living.
You are immune to poison.
You have sharp fingernails.
Your flesh is cold resistant. (rC+)
You are immune to negative energy. (rN+++)
You do not regenerate when monsters are visible.
You are immune to unholy pain and torment.


Message History

An endoplasm comes into view.
The endoplasm quivers.
The endoplasm barely misses you.
You scratch the endoplasm.
The endoplasm is heavily wounded.
The endoplasm hits you but does no damage.
You claw the endoplasm!
You kill the endoplasm!
Found a scroll labelled KASUUFR RASS.
m - a scroll labelled KASUUFR RASS
Found a cyan potion.
Found a stone staircase leading down.
n - a cyan potion
Found 11 gold pieces.
An adder comes into view.
The adder hisses angrily.
You hear a shout!
Menkaure, Prince of Dust comes into view.
Menkaure shouts!
You closely miss the adder. The adder barely misses you.
You barely miss the adder. The adder barely misses you.
You claw the adder!
The adder is almost dead.
The adder bites you.
A kobold comes into view. It is wielding a +1 whip of holy wrath.
Menkaure casts a spell.
Menkaure seems to speed up.
You block the adder's attack.
You miss the adder.
The adder is almost dead.
The adder barely misses you.
You closely miss the adder.
The adder is almost dead.
The adder closely misses you.
You scratch the adder. You claw the adder.
You kill the adder!
You feel better. Menkaure hits you!!
Ouch! That really hurt!
Menkaure closely misses you. Menkaure hits you!!
Ouch! That really hurt!
You die...

#.# #.#.# #.##.# #.# #.#.#
#.##.# #.# #.#.# #..
...#.# #.# #.#.# #..
#.##.# #.# #.#.# #..
#.##.# #.# #.#.# #..
#.##.# #.# #.#.# #. #..
#.##.# #.# #.#.#
#..#..##@##.#####.# #.#.#
.##$....M..........###.#.#
......†.....>.............
..............########.#.#
..####....................
#.#..############.###
......# #.# #####..# #.#
#..# #.#


You could see Menkaure (fast).

Vanquished Creatures
  An adder (D:4)
  2 worms
  An orc (D:3)
  3 ball pythons
  5 bats
  5 endoplasms
  6 giant cockroaches
  9 hobgoblins
  10 jackals
  2 quokkas (D:1)
  A frilled lizard (D:2)
  3 goblins
  2 kobolds
  8 rats
58 creatures vanquished.

Notes
Turn   | Place    | Note
-------+----------+-------------------------------------------
     0 | D:1      | Spaninq the Ghoul Warper began the quest for the Orb.
     0 | D:1      | Reached XP level 1. HP: 17/17 MP: 2/2
   159 | D:1      | Reached XP level 2. HP: 25/25 MP: 3/3
   273 | D:1      | Reached skill level 3 in Unarmed Combat
   851 | D:2      | Reached XP level 3. HP: 29/30 MP: 4/4
   968 | D:2      | Found a faded altar of an unknown god.
  1481 | D:3      | Reached skill level 4 in Unarmed Combat
  1499 | D:3      | Reached XP level 4. HP: 38/38 MP: 5/5
  1958 | D:4      | Noticed Menkaure
  1966 | D:4      | Mangled by Menkaure

Illustrated notes

Levels and vault maps discovered:
D:1:      dpeg_arrival_stonehenge_8_columns, layout_basic
D:2:      minmay_chambers_of_twos, layout_basic, basic_ecumenical_altar
D:3:      layout_basic, serial_glass, glass_columns_a, glass_columns_a,
          item_on_display_a, item_on_display_a, due_unseen_surprise
D:4:      layout_basic, mainiacjoe_overflow_catwalk_spiral,
          kennysheep_generic_room_15, uniq_menkaure

Skill      XL: |  1  2  3 |
---------------+----------+-----
Unarmed Combat | 3 4 |  4.3
Fighting       | 3 |  3.2
Throwing       | |  0.8
Armour         | |  0.8
Dodging        | |  1.7
Spellcasting   | |  1.7
Translocations | |  2.6

Action                   |  1- 3 |  4- 6 || total
-------------------------+-------+-------++-------
Melee: Unarmed           |   134 |    34 ||   168
       Punch             |       |     2 ||     2
Armor: Leather armour    |    10 |       ||    10
       Ring mail         |    30 |     4 ||    34
Dodge: Dodged            |    59 |    14 ||    73
Block: Other             |    17 |     7 ||    24

Table legend: (Time is in decaauts)
 A = Elapsed time spent in this place.
 B = Non-inter-level travel time spent in this place.
 C = Inter-level travel time spent in this place.
 D = Time resting spent in this place.
 E = Time spent auto-exploring this place.
 F = Levels seen in this place.
 G = Mean time per level.
                   A        B        C        D        E       F      G
               +--------+--------+--------+--------+--------+-----+--------+
         Total |   1954 |   1887 |     67 |      0 |   1449 |   4 |  488.5 |
       Dungeon |   1954 |   1887 |     67 |      0 |   1449 |   4 |  488.5 |
               +--------+--------+--------+--------+--------+-----+--------+

Top non-repeatable levels by time:
     D:1: 762 daAuts
     D:2: 615 daAuts
     D:3: 512 daAuts
     D:4: 63 daAuts
